 Dungeon Crawl Stone Soup version 0.31-a0-1598-g94871bc2e8 (webtiles) character file.

Game seed: 15931949502498771533

214 Inarius the Chopper (level 5, -5/37 HPs)
             Began as an Octopode Fighter on Jan 7, 2024.
             Slain by a gnoll
             ... wielding a +0 spear
              (6 damage)
             ... on level 4 of the Dungeon.
             The game lasted 00:03:59 (2720 turns).

Inarius the Chopper (Octopode Fighter)              Turns: 2720, Time: 00:04:00

Health: -5/37      AC:  1    Str: 17    XL:     5   Next: 92%
Magic:  5/5        EV: 14    Int: 11    God:
Gold:   201        SH:  5    Dex: 17    Spells: 4/4 levels left

rFire   . . .        a - +0 war axe
rCold   . . .        b - +0 buckler
rNeg    . . .        (helmet restricted)
rPois   .            (no amulet)
rElec   .            n - +6 ring of dexterity
rCorr   .            (no ring)
SInv    .            (no ring)
Will    .....        (no ring)
Stlth   +++          (no ring)
HPRegen 0.26/turn    (no ring)
MPRegen 0.09/turn    (no ring)
                     (no ring)

%: no passive effects
@: no status effects
A: almost no armour, amphibious, 8 rings, camouflage 1, gelatinous body 1,
(nimble swimmer 1), tentacles
a: no special abilities


You were on level 4 of the Dungeon.
You visited 1 branch of the dungeon, and saw 4 of its levels.

You collected 201 gold pieces.

Inventory:

Hand Weapons
 a - a +0 war axe (weapon)
Armour
 b - a +0 buckler (worn)
Jewellery
 m - a ring of ice
 n - a +6 ring of dexterity (left tentacle)
 w - a +6 ring of intelligence
Scrolls
 d - 6 scrolls of identify {unknown}
 h - a scroll of teleportation {unknown}
 k - a scroll of noise {unknown}
 o - a scroll of summoning {unknown}
 t - a scroll of revelation {unknown}
 u - a scroll of enchant armour {unknown}
 v - a scroll of amnesia {unknown}
Potions
 c - 2 potions of might
 e - 3 potions of mutation {unknown}
 f - a potion of haste {unknown}
 g - a potion of magic {unknown}
 i - 2 potions of cancellation {unknown}
 j - a potion of degeneration {unknown}
 l - a potion of resistance {unknown}
 p - a potion of enlightenment {unknown}
 q - 2 potions of curing {unknown}
 r - a potion of brilliance {unknown}
 s - a potion of lignification {unknown}


   Skills:
 * Level 3.7 Fighting
 + Level 3.9 Axes
 * Level 3.7 Dodging
 + Level 3.0 Stealth
 + Level 3.5 Shields


You had 4 spell levels left.
You didn't know any spells.
Your spell library contained the following spells:

 Spells                   Type           Power      Damage    Failure   Level
 Apportation              Tloc           0%         N/A       41%         1
 Necrotise                Necr           0%         1d4       41%         1
 Sting                    Conj/Alch      0%         1d3       41%         1
 Summon Small Mammal      Summ           0%         N/A       41%         1


Dungeon Overview and Level Annotations

Branches:
Dungeon (4/15)
 Temple: D:4-7

Altars:
Trog

Annotations:
D:4 1 runed translucent door, nago's ghost, weakling DjDe


Innate Abilities, Weirdness & Mutations

You cannot wear most types of armour.
You are amphibious.
You can wear up to eight rings at the same time.
Your skin changes colour to match your surroundings (Stealth+).
Your rubbery body absorbs attacks. (AC +1, EV +1)
((You are camouflaged when in or above water. (Stealth+)))
You have tentacles for arms and can constrict up to eight enemies at once.


Message History

Found 11 gold pieces.
Found a stone staircase leading up.
You open the large door. 3 gnolls come into view.
Found an escape hatch in the ceiling.
A ball python comes into view.
There is a large open door here.
You see here 11 gold pieces.
The helpless iguana fails to defend itself.
You hit the iguana. Your grab misses the iguana.
You squeeze the iguana, but do no damage.
The iguana is moderately wounded.
The iguana bites you. You block the iguana's attack.
The gnoll hits you with a +0 whip.
A gnoll and a ball python come into view.
The gnoll shouts! x2; The ball python hisses angrily.
The gnoll shouts!
The gnoll attacks as it pursues you! The gnoll closely misses you.
The iguana attacks as it pursues you! The iguana bites you.
You block the iguana's attack. You block the gnoll's attack.
The gnoll hits you from afar with a +0 spear!
The iguana misses you. The gnoll attacks as it pursues you!
The gnoll closely misses you.
The gnoll hits you from afar with a +0 spear.
* * * LOW HITPOINT WARNING * * *
The gnoll hits you from afar with a +0 spear.
* * * LOW HITPOINT WARNING * * *
The iguana attacks as it pursues you! You block the iguana's attack.
The gnoll attacks as it pursues you! The gnoll misses you.
The gnoll hits you from afar with a +0 spear.
* * * LOW HITPOINT WARNING * * *
The gnoll attacks as it pursues you! The gnoll barely misses you.
The iguana attacks as it pursues you! The iguana closely misses you.
The gnoll attacks as it pursues you! The gnoll barely misses you.
There is a stone staircase leading up here.
You block the ball python's attack. The ball python barely misses you.
The gnoll hits you from afar with a +0 spear.
* * * LOW HITPOINT WARNING * * *
You block the gnoll's attack.
The gnoll hits you from afar with a +0 spear.
You die...

###### #....#
#....################
#.........#>.........
##.............######.
#..............#### #.
#....Sg...........# #.
#...#@lS..$''####..###
# ##.g...### ..#
...gg...... .
##.##......#
...........#
......<.....#
.....#......#
####.#......#


You could see an iguana, 4 gnolls and 2 ball pythons.

Vanquished Creatures
  A bombardier beetle (D:3)
  An orc priest (D:3)
  A jelly (D:3)
  An iguana (D:4)
  2 adders
  2 ribbon worms (D:3)
  A dart slug (D:1)
  6 orcs
  5 ball pythons
  4 bats
  8 endoplasms
  2 giant cockroaches
  4 goblins
  7 hobgoblins
  10 kobolds
  3 quokkas (D:1)
  4 frilled lizards (D:1)
  7 rats
69 creatures vanquished.

Notes
Turn   | Place    | Note
-------+----------+-------------------------------------------
     0 | D:1      | Inarius the Octopode Fighter began the quest for the Orb.
     0 | D:1      | Reached XP level 1. HP: 16/16 MP: 1/1
   146 | D:1      | Reached XP level 2. HP: 14/21 MP: 2/2
   340 | D:1      | Reached XP level 3. HP: 26/26 MP: 3/3
   995 | D:2      | Reached skill level 1 in Stealth
  1294 | D:2      | Reached XP level 4. HP: 31/31 MP: 4/4
  1865 | D:3      | Found a bloodstained altar of Trog.
  1993 | D:3      | Reached XP level 5. HP: 36/36 MP: 5/5
  2687 | D:4      | Found a runed translucent door.
  2687 | D:4      | Noticed a wyvern
  2688 | D:4      | Noticed nago's ghost (weakling DjDe)
  2720 | D:4      | HP: 1/37 [gnoll/+0 spear (4)]
  2720 | D:4      | Slain by a gnoll

Illustrated notes

Levels and vault maps discovered:
D:1:      sevenhm_arrival_forest_fort_large_2, layout_basic
D:2:      layout_loops_ring
D:3:      layout_loops_cross, lemuel_coloured_pillars_altar,
          minmay_stone_trees_medium
D:4:      layout_basic, ebering_ghost_inner_flame

Skill      XL: |  1  2  3  4  5 |
---------------+----------------+-----
Stealth        | 1 2 3 |  3.0
Axes           | 3 |  3.9
Fighting       | |  3.7
Dodging        | |  3.7
Shields        | |  3.5

Action                     |  1- 3 |  4- 6 || total
---------------------------+-------+-------++-------
  Melee: War axe           |    59 |    53 ||   112
         Constrict         |    14 |    12 ||    26
         Tentacles         |     7 |    10 ||    17
         Punch             |     2 |       ||     2
   Stab: Sleeping          |    11 |     5 ||    16
 Armour: Skin              |    17 |    20 ||    37
  Dodge: Dodged            |    25 |    37 ||    62
  Block: Buckler           |     5 |    15 ||    20

Table legend: (Time is in decaauts)
 A = Elapsed time spent in this place.
 B = Non-inter-level travel time spent in this place.
 C = Inter-level travel time spent in this place.
 D = Time resting spent in this place.
 E = Time spent auto-exploring this place.
 F = Levels seen in this place.
 G = Mean time per level.
                   A        B        C        D        E       F      G
               +--------+--------+--------+--------+--------+-----+--------+
         Total |   2764 |   2644 |    120 |    137 |   1957 |   4 |  691.0 |
       Dungeon |   2764 |   2644 |    120 |    137 |   1957 |   4 |  691.0 |
               +--------+--------+--------+--------+--------+-----+--------+

Top non-repeatable levels by time:
     D:1: 955 daAuts
     D:3: 923 daAuts
     D:2: 718 daAuts
     D:4: 166 daAuts
